 Dungeon Crawl Stone Soup version 0.31-a0-1008-g5b978dac0e (webtiles) character file.

Game seed: 2969398692761643886

12 Jannitor the Sneak (level 2, 0/26 HPs)
             Began as an Armataur Delver on Nov 12, 2023.
             Succumbed to a gnoll's poison
             ... on level 4 of the Dungeon.
             The game lasted 00:00:32 (136 turns).

Jannitor the Sneak (Armataur Delver)                 Turns: 136, Time: 00:00:33

Health: 0/26       AC:  4    Str: 17    XL:     2   Next: 20%
Magic:  2/2        EV:  9    Int: 10    God:
Gold:   33         SH:  0    Dex: 11    Spells: 1/1 levels left

rFire   . . .        a - +0 mace
rCold   . . .        (no shield)
rNeg    . . .        b - +0 leather armour
rPois   .            (no helmet)
rElec   .            (no cloak)
rCorr   .            (no gloves)
SInv    .            (no barding)
Will    .....        (no amulet)
Stlth   +++          (no ring)
HPRegen 0.24/turn    (no ring)
MPRegen 0.08/turn

%: roll
@: lethally poisoned (0 -> -10), attractive, hasted, very quick
A: large, rugged brown scales 3, deformed body, armoured tail, roll, long
tongue, awkward tongue
a: no special abilities


You were on level 4 of the Dungeon.
You visited 1 branch of the dungeon, and saw 2 of its levels.

You collected 33 gold pieces.

Inventory:

Hand Weapons
 a - a +0 mace (weapon)
Armour
 b - a +0 leather armour (worn)
Wands
 g - a wand of digging (3)
Scrolls
 c - a scroll of fog
 d - a scroll of revelation
 e - a scroll of fear


   Skills:
 + Level 2.8 Fighting
 + Level 2.0 Maces & Flails
 + Level 1.6 Dodging
 + Level 5.6 Stealth


You had one spell level left.
You didn't know any spells.
Your spell library was empty.

Dungeon Overview and Level Annotations

Branches:
Dungeon (5/15)
 Temple: D:4-7

Altars:


Innate Abilities, Weirdness & Mutations

You are completely covered in rugged brown scales. (AC +3, +7% HP)
Armour fits poorly on your strangely shaped body.
You have a long armoured tail.
You roll when moving toward enemies. (Rampage)
Your long tongue fully drains potion bottles. (2x potion effects)
Your tongue gives you trouble enunciating. (1.5x scroll delay)


Message History

You closely miss the ball python.
The ball python is severely wounded.
The ball python barely misses you.
You closely miss the ball python.
The ball python is severely wounded.
The ball python closely misses you.
You sock the ball python!
You kill the ball python!
Okay, then.
Unknown command.
You hit the gnoll.
The gnoll is moderately wounded.
The gnoll hits you with a +1 flail of venom.
You are too injured to fight recklessly!
You are too injured to fight recklessly!
You barely miss the gnoll.
The gnoll is moderately wounded.
The gnoll misses you.
You barely miss the gnoll.
The gnoll is moderately wounded.
The gnoll hits you with a +1 flail of venom.
You are poisoned.
You closely miss the gnoll.
The gnoll is moderately wounded.
You feel sick.
The gnoll hits you with a +1 flail of venom.
* * * LOW HITPOINT WARNING * * *
You are more poisoned.
It was a potion of attraction.
You feel attractive to monsters.
You slurp down every last drop of the potion of attraction!
* * * LOW HITPOINT WARNING * * *
You feel sick. The gnoll misses you.
You hit the gnoll but do no damage. You tail-slap the gnoll.
The gnoll is heavily wounded.
* * * LOW HITPOINT WARNING * * *
You feel sick.
You hit the gnoll.
The gnoll is severely wounded.
You die...

...#......#.............
...#......#.............
...#......'.............
...#......#.............
...#......#.............
...#......#.............
..(#......#....Krg......
.>###....##'####g##.##.
'####....##...##@##
........................
........................
........................
...##...###......##.....
...##...########## #####
...#.....# ...#.....#
...#.....#


You could see a gnoll, a quokka, a hobgoblin and a kobold.

Vanquished Creatures
  An adder (D:4)
  2 endoplasms (D:4)
  A ball python (D:4)
4 creatures vanquished.

Notes
Turn   | Place    | Note
-------+----------+-------------------------------------------
     0 | D:5      | Jannitor the Armataur Delver began the quest for the Orb.
     0 | D:5      | Reached XP level 1. HP: 19/19 MP: 1/1
   124 | D:4      | Reached XP level 2. HP: 19/26 MP: 2/2
   135 | D:4      | HP: 1/26 [poisoned by a gnoll]
   136 | D:4      | Succumbed to a gnoll's poison

Illustrated notes

Levels and vault maps discovered:
D:4:      layout_gridville
D:5:      layout_loops_cross

Skill      XL: |  1 |
---------------+----+-----
Maces & Flails | 2 |  2.0
Fighting       | |  2.8
Dodging        | |  1.6
Stealth        | |  5.6

Action                     || total
---------------------------++-------
  Melee: Mace              ||    30
         Tailslap          ||     1
    Use: Potion            ||     2
   Stab: Sleeping          ||     1
 Armour: Leather armour    ||    13
  Dodge: Dodged            ||    19

Table legend: (Time is in decaauts)
 A = Elapsed time spent in this place.
 B = Non-inter-level travel time spent in this place.
 C = Inter-level travel time spent in this place.
 D = Time resting spent in this place.
 E = Time spent auto-exploring this place.
 F = Levels seen in this place.
 G = Mean time per level.
                   A        B        C        D        E       F      G
               +--------+--------+--------+--------+--------+-----+--------+
         Total |    132 |    132 |      0 |      0 |     58 |   2 |   66.0 |
       Dungeon |    132 |    132 |      0 |      0 |     58 |   2 |   66.0 |
               +--------+--------+--------+--------+--------+-----+--------+

Top non-repeatable levels by time:
     D:4: 101 daAuts
     D:5: 31 daAuts
